General information
- name: BNet
- type: Ladder team game (AT/RT)
- host: Battle.net
- saver: Diocletian
map: Deadlock
- players: 8
- length: 23:50
- speed: Fast
- version: 1.26 W3XP
- replay type: Public
» download(183 KB)
Players
team 1 (winner)

»
BananaBilly (
green | 74 APM | 1768 actions | 23:49)
7 Archmage
3 Summon Water Elemental
3 Brilliance Aura
1 Mass Teleport
» actions
| Assign group hotkey | 46 | |
| Basic commands | 2 | |
| Build / train | 95 | |
| Enter build submenu | 36 | |
| Enter hero's abilities submenu | 7 | |
| Remove unit from queue | 1 | |
| Right click | 443 | |
| Select / deselect | 302 | |
| Select group hotkey | 710 | |
| Use ability | 126 | |
1768 total
» units
| Peasant | 15 | |
| Footman | 10 | |
| Knight | 10 | |
| Sorceress | 13 | |
| Siege Engine | 3 | |
51 total
» upgrades
| Masonry | 2 | |
| Defend | 1 | |
| Lumber Harvesting | 2 | |
| Plating | 3 | |
| Swords | 2 | |
| Sorceress Training | 2 | |
| Animal War Training | 1 | |
| Barrage | 1 | |
| Gunpowder | 2 | |
16 total
» buildings
| Farm | 12 | |
| Altar of Kings | 1 | |
| Barracks | 1 | |
| Scout Tower | 7 | |
| Arcane Tower | 1 | |
| Keep | 1 | |
| Lumber Mill | 1 | |
| Arcane Vault | 1 | |
| Guard Tower | 3 | |
| Town Hall | 3 | |
| Castle | 1 | |
| Blacksmith | 1 | |
| Arcane Sanctum | 1 | |
| Workshop | 1 | |
35 total
» build order
00:15 Farm
00:21 Altar of Kings
00:51 Barracks
00:59 Farm
01:45 Scout Tower
02:05 Farm
02:13 Arcane Tower
02:34 Farm
03:39 Keep
03:57 Lumber Mill
04:24 Arcane Vault
04:55 Scout Tower
04:56 Scout Tower
04:59 Scout Tower
05:44 Guard Tower
05:47 Scout Tower
05:48 Scout Tower
05:51 Scout Tower
06:19 Guard Tower
07:02 Town Hall
07:22 Farm
07:52 Castle
08:45 Guard Tower
08:52 Blacksmith
08:58 Farm
09:00 Farm
09:15 Arcane Sanctum
10:10 Farm
10:14 Farm
13:19 Farm
15:38 Workshop
16:15 Farm
16:17 Farm
20:39 Town Hall
23:35 Town Hall
» items
| Scroll of Regeneration | 6 | |
| Scroll of Town Portal | 4 | |
| Potion of Healing | 2 | |
| Potion of Lesser Invulnerability | 1 | |
| Scroll of Protection | 1 | |
14 total

»
MAZIO6 (
red | 83 APM | 1984 actions | 23:49)
6 Death Knight
3 Death Coil
2 Unholy Aura
1 Animate Dead
6 Lich
3 Frost Nova
2 Frost Armor
1 Death and Decay
4 Dark Ranger
2 Black Arrow
2 Silence
» actions
| Assign group hotkey | 36 | |
| Basic commands | 315 | |
| Build / train | 75 | |
| Enter build submenu | 17 | |
| Enter hero's abilities submenu | 16 | |
| Right click | 428 | |
| Select / deselect | 183 | |
| Select group hotkey | 828 | |
| Use ability | 86 | |
1984 total
» units
| Acolyte | 2 | |
| Ghoul | 7 | |
| Crypt Fiend | 18 | |
| Obsidian Statue | 5 | |
32 total
» upgrades
| Web | 1 | |
| Creature Carapace | 3 | |
| Creature Attack | 3 | |
| Ghoul Frenzy | 1 | |
| Destroyer Form | 1 | |
9 total
» buildings
| Crypt | 1 | |
| Graveyard | 1 | |
| Ziggurat | 9 | |
| Altar of Darkness | 1 | |
| Halls of the Dead | 1 | |
| Tomb of Relics | 1 | |
| Slaughterhouse | 1 | |
| Black Citadel | 1 | |
| Sacrificial Pit | 1 | |
| Necropolis | 1 | |
18 total
» build order
00:09 Crypt
00:21 Graveyard
00:39 Ziggurat
00:58 Altar of Darkness
01:27 Ziggurat
03:19 Halls of the Dead
03:51 Ziggurat
04:15 Ziggurat
04:18 Tomb of Relics
05:49 Slaughterhouse
10:01 Ziggurat
10:05 Black Citadel
13:17 Ziggurat
13:21 Ziggurat
18:12 Sacrificial Pit
18:15 Ziggurat
18:18 Ziggurat
20:12 Necropolis
» items
| Scroll of Town Portal | 3 | |
| Potion of Mana | 1 | |
| Orb of Corruption | 2 | |
6 total
Oshlt (
blue | 43 APM | 1021 actions | 23:49)
4 Firelord
2 Incinerate
2 Soul Burn
» actions
| Basic commands | 49 | |
| Build / train | 80 | |
| ESC pressed | 7 | |
| Enter build submenu | 36 | |
| Enter hero's abilities submenu | 4 | |
| Remove unit from queue | 18 | |
| Right click | 438 | |
| Select / deselect | 294 | |
| Use ability | 95 | |
1021 total
» units
» upgrades
» buildings
| Moon Well | 8 | |
| Ancient of War | 1 | |
| Altar of Elders | 2 | |
| Ancient of Wonders | 2 | |
| Tree of Ages | 7 | |
| Hunter's Hall | 2 | |
| Ancient of Lore | 1 | |
| Ancient Protector | 7 | |
| Tree of Life | 4 | |
34 total
» build order
00:09 Moon Well
00:10 Ancient of War
00:52 Altar of Elders
02:00 Moon Well
02:40 Ancient of Wonders
02:55 Moon Well
03:17 Tree of Ages
04:05 Moon Well
04:50 Hunter's Hall
05:56 Ancient of Wonders
06:06 Ancient of Lore
06:26 Ancient Protector
07:02 Ancient Protector
07:04 Ancient Protector
07:15 Ancient Protector
09:06 Tree of Life
09:13 Moon Well
10:08 Tree of Life
10:13 Tree of Life
15:40 Altar of Elders
17:03 Moon Well
17:05 Ancient Protector
18:43 Hunter's Hall
19:35 Moon Well
19:51 Ancient Protector
20:01 Ancient Protector
20:17 Moon Well
21:18 Tree of Life
21:24 Tree of Ages
21:24 Tree of Ages
21:24 Tree of Ages
» items
| Lesser Clarity Potion | 3 | |
| Scroll of Regeneration | 1 | |
| Rod of Necromancy | 1 | |
| Orb of Fire | 1 | |
6 total

»
Diocletian (
yellow | 111 APM | 2642 actions | 23:50)
6 Blood Mage
3 Flame Strike
2 Siphon Mana
1 Summon Phoenix
» actions
| Assign group hotkey | 56 | |
| Basic commands | 68 | |
| Build / train | 159 | |
| ESC pressed | 3 | |
| Enter build submenu | 46 | |
| Enter hero's abilities submenu | 6 | |
| Give item / drop item | 2 | |
| Right click | 825 | |
| Select / deselect | 310 | |
| Select group hotkey | 1039 | |
| Use ability | 128 | |
2642 total
» units
| Peasant | 32 | |
| Footman | 10 | |
| Sorceress | 1 | |
| Dragonhawk Rider | 10 | |
| Gryphon Rider | 2 | |
55 total
» upgrades
| Lumber Harvesting | 2 | |
| Masonry | 3 | |
| Sorceress Training | 2 | |
| Magic Sentry | 1 | |
| Swords | 3 | |
| Animal War Training | 1 | |
| Armor | 3 | |
| Storm Hammers | 1 | |
| Cloud | 1 | |
| Backpack | 1 | |
18 total
» buildings
| Altar of Kings | 3 | |
| Barracks | 2 | |
| Farm | 10 | |
| Arcane Vault | 1 | |
| Town Hall | 2 | |
| Keep | 3 | |
| Lumber Mill | 1 | |
| Scout Tower | 18 | |
| Guard Tower | 22 | |
| Arcane Tower | 4 | |
| Arcane Sanctum | 1 | |
| Castle | 3 | |
| Gryphon Aviary | 2 | |
| Blacksmith | 1 | |
73 total
» build order
00:07 Altar of Kings
00:10 Barracks
00:14 Altar of Kings
00:18 Barracks
00:20 Altar of Kings
00:49 Farm
01:43 Farm
02:08 Farm
03:14 Arcane Vault
03:50 Town Hall
04:41 Farm
05:59 Keep
06:00 Keep
06:24 Lumber Mill
06:48 Scout Tower
06:53 Scout Tower
06:56 Scout Tower
06:59 Scout Tower
07:01 Scout Tower
07:02 Scout Tower
07:03 Scout Tower
07:14 Scout Tower
07:24 Guard Tower
07:24 Guard Tower
07:25 Guard Tower
07:27 Guard Tower
07:27 Guard Tower
07:28 Guard Tower
07:42 Guard Tower
07:42 Guard Tower
07:44 Scout Tower
07:45 Scout Tower
07:47 Scout Tower
07:52 Scout Tower
07:58 Scout Tower
08:02 Scout Tower
08:03 Scout Tower
08:04 Scout Tower
08:06 Scout Tower
08:10 Scout Tower
08:25 Guard Tower
08:26 Guard Tower
08:31 Guard Tower
09:07 Guard Tower
09:20 Guard Tower
09:21 Guard Tower
09:26 Arcane Tower
09:26 Arcane Tower
09:26 Arcane Tower
10:01 Arcane Sanctum
10:48 Castle
10:48 Castle
10:50 Gryphon Aviary
11:09 Gryphon Aviary
11:13 Blacksmith
12:08 Farm
13:38 Farm
13:39 Farm
13:42 Farm
16:51 Farm
16:51 Farm
23:47 Town Hall
» items
| Scroll of Regeneration | 9 | |
| Boots of Speed | 1 | |
| Staff of Teleportation | 1 | |
| Potion of Invisibility | 2 | |
| Lesser Clarity Potion | 3 | |
| Scroll of Town Portal | 6 | |
| Periapt of Vitality | 2 | |
| Potion of Lesser Invulnerability | 2 | |
| Potion of Healing | 3 | |
29 total
team 2 (loser)
GoDs-sOn420 (
pink | 59 APM | 1385 actions | 23:39)
4 Priestess of the Moon
2 Trueshot Aura
2 Searing Arrows
2 Naga Sea Witch
1 Frost Arrows
1 Forked Lightning
» actions
| Assign group hotkey | 19 | |
| Basic commands | 16 | |
| Build / train | 80 | |
| Enter build submenu | 20 | |
| Enter hero's abilities submenu | 6 | |
| Give item / drop item | 1 | |
| Remove unit from queue | 1 | |
| Right click | 371 | |
| Select / deselect | 250 | |
| Select group hotkey | 575 | |
| Use ability | 46 | |
1385 total
» units
| Wisp | 18 | |
| Archer | 22 | |
| Hippogryph | 7 | |
| Razormane Medicine Man | 1 | |
| Druid of the Claw | 1 | |
| Dryad | 3 | |
52 total
» upgrades
| Strength of the Moon | 2 | |
| Moon Armor | 1 | |
| Improved Bows | 1 | |
| Hippogryph Taming | 1 | |
| Druid of the Claw Training | 1 | |
| Abolish Magic | 1 | |
| Strength of the Wild | 1 | |
8 total
» buildings
| Altar of Elders | 1 | |
| Moon Well | 10 | |
| Ancient of War | 2 | |
| Ancient of Wonders | 1 | |
| Tree of Ages | 1 | |
| Hunter's Hall | 1 | |
| Ancient Protector | 1 | |
| Ancient of Wind | 2 | |
| Ancient of Lore | 1 | |
| Tree of Life | 1 | |
21 total
» build order
00:17 Altar of Elders
00:19 Moon Well
01:44 Ancient of War
01:49 Moon Well
02:03 Ancient of War
02:43 Ancient of Wonders
02:48 Moon Well
07:07 Tree of Ages
07:10 Moon Well
07:17 Hunter's Hall
07:53 Moon Well
08:31 Ancient Protector
09:20 Moon Well
10:12 Ancient of Wind
10:13 Ancient of Wind
10:30 Ancient of Lore
15:32 Tree of Life
19:27 Moon Well
19:28 Moon Well
21:45 Moon Well
23:25 Moon Well
» items
| Scroll of Town Portal | 5 | |
| Potion of Healing | 1 | |
| Staff of Preservation | 1 | |
| Scroll of Regeneration | 1 | |
8 total
xela-l (
orange | 51 APM | 1184 actions | 23:03)
2 Demon Hunter
1 Mana Burn
1 Evasion
» actions
| Assign group hotkey | 20 | |
| Build / train | 57 | |
| ESC pressed | 2 | |
| Enter build submenu | 16 | |
| Enter hero's abilities submenu | 2 | |
| Remove unit from queue | 1 | |
| Right click | 405 | |
| Select / deselect | 270 | |
| Select group hotkey | 366 | |
| Use ability | 45 | |
1184 total
» units
» upgrades
| Strength of the Moon | 2 | |
| Moon Armor | 2 | |
| Ultravision | 1 | |
| Upgrade Moon Glaive | 1 | |
| Strength of the Wild | 2 | |
| Abolish Magic | 1 | |
| Reinforced Hides | 1 | |
10 total
» buildings
| Hunter's Hall | 1 | |
| Moon Well | 6 | |
| Altar of Elders | 1 | |
| Ancient of War | 2 | |
| Tree of Ages | 1 | |
| Tree of Eternity | 1 | |
| Ancient of Lore | 5 | |
17 total
» build order
00:09 Hunter's Hall
00:11 Moon Well
01:08 Altar of Elders
01:58 Ancient of War
02:01 Ancient of War
02:22 Moon Well
02:45 Moon Well
06:09 Moon Well
08:59 Tree of Ages
10:35 Moon Well
10:36 Moon Well
12:52 Tree of Eternity
15:59 Ancient of Lore
16:01 Ancient of Lore
19:06 Ancient of Lore
19:07 Ancient of Lore
19:09 Ancient of Lore
» items
| Periapt of Vitality | 1 | |
| Boots of Speed | 1 | |
2 total

»
still_stickin (
purple | 97 APM | 2279 actions | 23:28)
6 Keeper of the Grove
2 Force of Nature
3 Entangling Roots
1 Tranquility
» actions
| Assign group hotkey | 49 | |
| Basic commands | 37 | |
| Build / train | 75 | |
| ESC pressed | 4 | |
| Enter build submenu | 30 | |
| Enter hero's abilities submenu | 6 | |
| Give item / drop item | 2 | |
| Remove unit from queue | 1 | |
| Right click | 918 | |
| Select / deselect | 572 | |
| Select group hotkey | 513 | |
| Use ability | 72 | |
2279 total
» units
| Wisp | 37 | |
| Huntress | 10 | |
| Dryad | 6 | |
| Chimaera | 3 | |
56 total
» upgrades
| Strength of the Wild | 3 | |
| Reinforced Hides | 1 | |
| Corrosive Breath | 1 | |
5 total
» buildings
| Altar of Elders | 1 | |
| Moon Well | 9 | |
| Hunter's Hall | 1 | |
| Ancient of War | 2 | |
| Tree of Life | 5 | |
| Tree of Ages | 1 | |
| Ancient of Lore | 4 | |
| Ancient of Wind | 1 | |
| Tree of Eternity | 1 | |
| Chimaera Roost | 3 | |
28 total
» build order
00:09 Altar of Elders
00:14 Moon Well
01:30 Hunter's Hall
01:46 Ancient of War
01:58 Moon Well
02:00 Moon Well
02:25 Ancient of War
03:07 Moon Well
05:12 Tree of Life
07:03 Tree of Ages
09:34 Ancient of Lore
09:35 Ancient of Lore
09:37 Ancient of Lore
09:47 Ancient of Lore
10:29 Moon Well
10:30 Moon Well
10:38 Moon Well
10:39 Moon Well
11:06 Moon Well
11:31 Tree of Life
13:20 Ancient of Wind
14:23 Tree of Eternity
16:58 Chimaera Roost
17:09 Chimaera Roost
17:12 Chimaera Roost
17:16 Tree of Life
21:38 Tree of Life
23:00 Tree of Life
» items
| Scroll of Town Portal | 3 | |
| Boots of Speed | 1 | |
4 total
FsK_ (
teal | 25 APM | 594 actions | 23:49)
3 Mountain King
2 Storm Bolt
1 Bash
1 Paladin
1 Holy Light
» actions
| Assign group hotkey | 1 | |
| Basic commands | 11 | |
| Build / train | 57 | |
| ESC pressed | 2 | |
| Enter build submenu | 16 | |
| Enter hero's abilities submenu | 4 | |
| Right click | 266 | |
| Select / deselect | 195 | |
| Use ability | 42 | |
594 total
» units
» upgrades
| Gunpowder | 2 | |
| Masonry | 2 | |
| Lumber Harvesting | 1 | |
| Plating | 1 | |
6 total
» buildings
| Altar of Kings | 2 | |
| Farm | 6 | |
| Blacksmith | 1 | |
| Barracks | 2 | |
| Arcane Vault | 1 | |
| Lumber Mill | 1 | |
| Keep | 1 | |
| Town Hall | 1 | |
15 total
» build order
00:05 Altar of Kings
00:07 Farm
00:35 Blacksmith
01:32 Barracks
01:51 Arcane Vault
02:02 Farm
02:53 Farm
03:19 Farm
03:44 Farm
04:28 Lumber Mill
07:34 Keep
07:43 Barracks
10:40 Farm
15:37 Town Hall
20:05 Altar of Kings
» items
| Lesser Clarity Potion | 3 | |
| Scroll of Regeneration | 2 | |
| Boots of Speed | 1 | |
6 total
Chat log
(00:15 / All) xela-l: GL
(00:17 / All) xela-l: HF
(00:32 / All) Diocletian: gl hf lycka till ha det bra
(01:21 / Allies) BananaBilly: what u got yellow
(01:25 / Allies) Diocletian: HIV
(01:30 / Allies) Diocletian: and syphilis
(01:30 / Allies) BananaBilly: damn
(01:35 / Allies) BananaBilly: how long u got
(01:41 / Allies) Diocletian: 6 months
(01:48 / Allies) BananaBilly: well
(01:54 / Allies) BananaBilly: at least ur play wc3
(02:00 / Allies) BananaBilly: for ur last few months
(02:01 / Allies) Diocletian: yea spend my last days playing my fav game
(06:57 / Allies) Oshlt: wtf where are you guys
(07:29 / All) xela-l: GG
(07:34 / All) Oshlt: fucking noobs team amtedws
(07:40 / Allies) Diocletian: I have my base
(07:41 / All) still_stickin: tell me about it
(08:30 / Allies) Oshlt: why do u guys suck so much dick
(08:50 / All) Diocletian: tping to 1 hero?
(08:51 / All) Diocletian: lol
(10:31 / Allies) Oshlt: wtf
(10:35 / Allies) Oshlt: yellwo u have no men
(10:36 / Allies) Oshlt: still
(10:36 / Allies) Oshlt: noo b
(10:44 / Allies) Diocletian: and have done more than you all game with 1 hero
(12:55 / All) Diocletian: Why did you say gg so early bro?
(13:05 / All) xela-l: so easy
(13:11 / All) Oshlt: cuz i have no bas
(13:24 / Allies) Oshlt: can i get mmoney
(13:57 / Allies) Oshlt: fuck
(13:57 / All) Diocletian: You can all go
(14:29 / Allies) BananaBilly: maining
(16:20 / Allies) Oshlt: mass air yellow
(16:33 / Allies) Diocletian: not breaking 50 food quite yet
(16:38 / Allies) BananaBilly: ...
(17:57 / Allies) Oshlt: fuck
(18:06 / All) FsK_: oj fucking talking shit
(18:09 / All) FsK_: throwing game
(18:25 / Allies) Oshlt: can i get sum resources
(18:28 / Allies) Oshlt: since u have so many
(18:49 / All) Diocletian: You can all leave.
(18:59 / All) Diocletian: This was a 3v4 and you still lost.
(19:14 / All) still_stickin: have u seen oj ? hes massing hunts
(19:17 / All) still_stickin: thats a 3v3
(19:42 / Allies) MAZIO6: money plz
(19:51 / Allies) MAZIO6: thx
(20:17 / Allies) BananaBilly: red go to oj, i will mass tp in
(22:00 / Allies) BananaBilly: stay
(22:17 / All) FsK_: lol
(22:22 / All) FsK_: oj sucks
(22:31 / All) Diocletian: I'm doing all of this while arguing with some guy in private chat about Roman history
(22:34 / All) Diocletian: He hates Diocletian
(22:35 / All) xela-l: thanks
(22:52 / All) FsK_: rome?
(23:09 / All) FsK_: fucking oj
(23:10 / All) FsK_: lol
(23:26 / All) still_stickin: brutal fucking shit
(23:28 / All) still_stickin: i hate faggets
(23:46 / All) FsK_: gg
(23:48 / All) Diocletian: gg